 Dungeon Crawl Stone Soup version 0.21.0-25-ge575cb9 (webtiles) character file.

269 JeffiDaFish the Shield-Bearer (level 6, -2/53 HPs)
             Began as a Minotaur Fighter on Jan 23, 2018.
             Slain by Pikel
             ... wielding a +0 whip of electrocution
              (16 damage)
             ... on level 4 of the Dungeon.
             The game lasted 00:04:36 (2596 turns).

JeffiDaFish the Shield-Bearer (Minotaur Fighter)    Turns: 2596, Time: 00:04:37

Health: -2/53      AC: 10    Str: 25    XL:     6   Next: 1%
Magic:  5/5        EV:  9    Int:  5    God:
Gold:   132        SH: 10    Dex: 14    Spells: 5/5 levels left

rFire    x . .     SeeInvis .   a - +0 war axe
rCold    + . .     Gourm    .   c - +0 shield
rNeg     . . .     Faith    .   b - +0 scale mail
rPois    .         Spirit   .   (helmet restricted)
rElec    .         Reflect  .   (no cloak)
rCorr    .         Harm     .   g - +2 pair of gloves
MR       .....                  (no boots)
Stlth    ..........             (no amulet)
HPRegen  0.17/turn              i - +2 ring of dexterity
MPRegen  0.09/turn              m - ring of ice

@: mighty
A: retaliatory headbutt, horns 2
a: no special abilities


You were on level 4 of the Dungeon.
You were not hungry.

You visited 1 branch of the dungeon, and saw 4 of its levels.

You collected 132 gold pieces.

Inventory:

Hand Weapons
 a - a +0 war axe (weapon)
Armour
 b - a +0 scale mail (worn)
 c - a +0 shield (worn)
 g - a +2 pair of gloves (worn)
Jewellery
 i - a +2 ring of dexterity (left hand)
 m - a ring of ice (right hand)
Scrolls
 h - 3 scrolls of remove curse
 k - a scroll of identify
 l - a scroll of fog {unknown}
Potions
 j - a potion of magic
Comestibles
 f - 5 rations


   Skills:
 + Level 4.4 Fighting
 + Level 4.3 Axes
 + Level 5.1 Armour
 + Level 1.7 Dodging
 + Level 0.4 Stealth
 + Level 5.1 Shields


You had 5 spell levels left.
You didn't know any spells.

Dungeon Overview and Level Annotations

Branches:
Dungeon (4/15)
 Temple: D:4-7

Altars:
Sif Muna

Annotations:
D:4 Pikel, Robin


Innate Abilities, Weirdness & Mutations

You reflexively headbutt those who attack you in melee.
You have a pair of horns on your head.


Message History

Pikel is moderately wounded.
Pikel zaps a wand.
Your will is overpowered!
You are more confused.
You feel very mighty all of a sudden. Pikel hits you but does no damage.
You slash Pikel!
Pikel is heavily wounded.
Pikel hits you but does no damage.
Robin roars a battlecry!
Pikel hits you but does no damage.
You bump into the rock wall.
Pikel hits you with a whip of electrocution.
* * * LOW HITPOINT WARNING * * *
You bump into the rock wall.
Pikel hits you but does no damage.
You bump into the rock wall.
Pikel barely misses you.
You're too confused to move!
You feel less confused.
Pikel cracks his whip.
Pikel hits you but does no damage.
You are electrocuted!
You die...

#.# #.# # #.# ## #.####
.## ##....## ..##
#......# # #
...####...#..#####g#pa..
...'......(...))@Kggpg..
...####...#..#######g...
..## #......# # .##
#.#.##.# ## .....##.# #
###...##.# #......#
##..####


You could see Pikel, 2 slaves, a worker ant, Robin and 4 hobgoblins.

Vanquished Creatures
  A slave (D:4)
  A centaur (D:2)
  The ghost of quoriil the Sneak, an amateur OpIE (D:3)
  Natasha (D:2)
  An iguana (D:4)
  An adder (D:3)
  An ooze (D:1)
  A worm (D:3)
  3 dart slugs (D:1)
  2 leopard geckos (D:1)
  A ball python (D:3)
  4 bats
  5 giant cockroaches
  10 goblins
  6 hobgoblins
  A frilled lizard (D:1)
  4 kobolds
  4 rats
48 creatures vanquished.

Notes
Turn   | Place    | Note
-------+----------+-------------------------------------------
     0 | D:1      | JeffiDaFish the Minotaur Fighter began the quest for the Orb.
     0 | D:1      | Reached XP level 1. HP: 19/19 MP: 0/0
    93 | D:1      | Reached XP level 2. HP: 25/27 MP: 1/1
   595 | D:1      | Reached XP level 3. HP: 33/33 MP: 2/2
  1201 | D:2      | Noticed a centaur
  1209 | D:2      | Killed a centaur
  1209 | D:2      | Reached skill level 1 in Dodging
  1209 | D:2      | Reached XP level 4. HP: 27/40 MP: 3/3
  1328 | D:2      | Noticed Natasha
  1333 | D:2      | Killed Natasha
  1333 | D:2      | Reached XP level 5. HP: 32/46 MP: 4/4
  1625 | D:3      | Found a deep blue altar of Sif Muna.
  1682 | D:3      | Noticed quoriil's ghost (amateur OpIE)
  1693 | D:3      | Killed quoriil's ghost
  1693 | D:3      | Reached skill level 5 in Shields
  1970 | D:3      | Reached skill level 5 in Armour
  2558 | D:4      | Noticed Pikel
  2559 | D:4      | Noticed a slave
  2559 | D:4      | Noticed a slave
  2560 | D:4      | Noticed a slave
  2561 | D:4      | Noticed Robin
  2562 | D:4      | Killed a slave
  2568 | D:4      | Reached XP level 6. HP: 39/53 MP: 5/5
  2574 | D:4      | Noticed a slave
  2596 | D:4      | Slain by Pikel

Skill      XL: |  1  2  3  4  5 |
---------------+----------------+-----
Fighting       | 4 |  4.4
Armour         | 4 5 |  5.1
Shields        | 4 5 |  5.1
Axes           | 3 4 |  4.3
Dodging        | 1 |  1.7
Stealth        | |  0.4

Action                   |  1- 3 |  4- 6 || total
-------------------------+-------+-------++-------
Melee: War axe           |    77 |    56 ||   133
       Headbutt          |    11 |     9 ||    20
  Use: Scroll            |     5 |       ||     5
       Potion            |     2 |     6 ||     8
  Eat: Chunk             |     1 |     4 ||     5
Armor: Scale mail        |    38 |    28 ||    66
Dodge: Dodged            |    22 |    25 ||    47
Block: Shield            |    44 |    26 ||    70
